 Dungeon Crawl Stone Soup version 0.20.1-1-g8b1a95d (webtiles) character file.

119448 Gargoyl the Severer (level 16, 0/149 HPs)
             Began as a Minotaur Abyssal Knight on Oct 18, 2017.
             Was the Champion of Lugonu.
             Succumbed to a swamp dragon's poison gas
             ... on level 4 of the Swamp on Oct 19, 2017.
             The game lasted 01:03:46 (30371 turns).

Gargoyl the Severer (Minotaur Abyssal Knight)      Turns: 30371, Time: 01:03:46

Health: 0/149      AC: 28    Str: 21    XL:     16   Next: 27%
Magic:  24/24      EV:  8    Int: 13    God:    Lugonu [******]
Gold:   1055       SH: 19    Dex: 18    Spells: 15/15 levels left

rFire    + + .     SeeInvis +   W - +0 broad axe (flame)
rCold    . . .     Gourm    .   o - +3 shield
rNeg     . . .     Faith    .   v - +1 plate armour {rF+}
rPois    .         Spirit   .   U - +0 mask of the Dragon {MR+ Slay+3 SInv}
rElec    .         Reflect  +   B - +0 cloak
rCorr    .         Harm     .   (no gloves)
MR       ++...                  p - +2 pair of boots of Qaumaeky {Int+2 Dex+5}
Stlth    ..........             M - +2 amulet of reflection
Regen    0.4/turn               k - ring of see invisible
MPRegen  0.2/turn               q - +2 ring of protection

@: lethally poisoned (0 -> -40), very slightly contaminated, drained
A: retaliatory headbutt, horns 2, rugged brown scales 1, yellow scales 1,
camouflage 1, blurry vision 1, clever 1, fire resistance 1, screaming 1
a: Depart the Abyss, Bend Space, Banish, Corrupt, Enter the Abyss, Brand Weapon
With Distortion, Renounce Religion


You were on level 4 of the Swamp.
You worshipped Lugonu.
Lugonu was exalted by your worship.
You were not hungry.

You visited 4 branches of the dungeon, and saw 27 of its levels.
You visited the Abyss 1 time.
You also visited: Labyrinth and Sewer.

You collected 2498 gold pieces.
You spent 1443 gold pieces at shops.

Inventory:

Hand Weapons
 i - a +6 war axe of freezing
 E - a +0 hand axe of electrocution
 W - a +0 broad axe of flaming (weapon)
Missiles
 J - 5 silver javelins (quivered)
Armour
 a - a +2 pair of boots of flying
 n - a +4 plate armour of cold resistance
 o - a +3 shield (worn)
 p - the +2 pair of boots of Qaumaeky (worn) {Int+2 Dex+5}
   (You bought it in a shop on level 2 of the Orcish Mines)

   It affects your intelligence (+2).
   It affects your dexterity (+5).
 v - a +1 plate armour of fire resistance (worn)
 B - a +0 cloak (worn)
 U - the +0 mask of the Dragon (worn) {MR+ Slay+3 SInv}
   (You found it on level 10 of the Dungeon)

   It affects your accuracy and damage with ranged weapons and melee attacks
   (+3).
   It affects your resistance to hostile enchantments.
   It lets you see invisible.
Jewellery
 k - a ring of see invisible (left hand)
 q - a +2 ring of protection (right hand)
 u - an uncursed ring of protection from cold
 D - an uncursed ring of resist corrosion
 G - the amulet "Avetis" {+Rage rC+ Int+3, unknown}
   (You found it on level 4 of the Swamp)

   [amulet of rage]

   It affects your intelligence (+3).
   It protects you from cold.
   It lets you go berserk.
 M - a +2 amulet of reflection (around neck)
 O - an uncursed amulet of regeneration
 T - the ring "Qilar" {rC- MR+ Str+4 Dex+4}
   (You took it off a minotaur in a labyrinth)

   [ring of protection from magic]

   It affects your strength (+4).
   It affects your dexterity (+4).
   It makes you vulnerable to cold.
   It affects your resistance to hostile enchantments.
Wands
 t - a wand of digging (15/24)
 F - a wand of confusion (10/48)
Scrolls
 g - 6 scrolls of teleportation
 h - 4 scrolls of magic mapping
 j - a scroll of amnesia
 l - 13 scrolls of remove curse
 r - 9 scrolls of identify
 y - 7 scrolls of recharging
 z - a scroll of silence
 I - a scroll of fear
 K - a scroll of blinking
 L - 2 scrolls of fog
 Q - 3 scrolls of enchant armour
 R - 3 scrolls of holy word
Potions
 b - a potion of invisibility
 d - 5 potions of brilliance
 f - 3 potions of agility
 w - a potion of curing
 x - 5 potions of might
 A - 2 potions of cancellation
 C - a potion of haste
 H - 3 potions of ambrosia
 N - 2 potions of berserk rage
 P - a potion of resistance
 S - a potion of flight
Miscellaneous
 e - a sack of spiders
Comestibles
 c - 8 bread rations
 s - a meat ration
 V - a chunk of flesh
 X - 3 royal jellies


   Skills:
 + Level 13.7(12.9) Fighting
 + Level 17.2(16.4) Axes
 + Level 0.6(0.0) Throwing
 * Level 15.9(15.1) Armour
 + Level 3.1(2.6) Dodging
 + Level 14.6(13.9) Shields
 * Level 13.3(12.6) Invocations
 + Level 0.3(0.0) Evocations


You had 15 spell levels left.
You didn't know any spells.

Dungeon Overview and Level Annotations

Branches:
Dungeon (15/15)              Lair (6/6) D:8           Swamp (4/4) Lair:4
 Spider (0/4) Lair:4        Slime (0/5) Lair:6          Orc (2/2) D:11
    Elf (0/3) Orc:2        Vaults (0/5) D:13         Depths (0/5) D:15
 Temple: D:4-7

Altars:
Ashenzari
Cheibriados
Fedhas
Gozag
Nemelex Xobeh
Qazlal
Sif Muna
Trog
Uskayaw
Xom
The Shining One
Beogh

Shops:
D:5 [[=   D:12 [   Orc:2 [*(

Portals:
Trove: D:10 (show slimy rune of Zot)


Innate Abilities, Weirdness & Mutations

You reflexively headbutt those who attack you in melee.
You have a pair of horns on your head.
You are partially covered in rugged brown scales. (AC +1, +3% HP)
You are partially covered in yellow scales. (AC +2)
Your skin changes colour to match your surroundings (Stealth+).
Scrolls take you a little longer to read.
Your mind is acute. (Int +2)
Your flesh is heat resistant. (rF+)
You occasionally shout uncontrollably at your foes.


Message History

You are lethally poisoned!
* * * LOW HITPOINT WARNING * * *
x2 You feel very sick.
A swamp worm bursts forth from the water.
You block the swamp worm's attack.
The four-headed hydra bites you but does no damage.
You block the four-headed hydra's attack. x2
The four-headed hydra bites you but does no damage.
The swamp worm is engulfed in poison gas.
The swamp worm is poisoned.
The swamp worm bites you but does no damage.
The swamp dragon breathes poison at you.
The blast of poison engulfs you!
You are more poisoned.
* * * LOW HITPOINT WARNING * * *
You hear a deafening roar!
You are engulfed in poison gas.
You are more poisoned.
* * * LOW HITPOINT WARNING * * *
You die...

≈ ♣♣.≈§≈♣ ♣≈≈≈..P≈≈≈..
k≈♣♣≈≈≈≈≈§♣♣.≈....$....
≈≈.≈≈≈≈≈≈§♣.≈F≈≈≈.≈...♣
..♣.≈≈≈≈≈♣≈≈≈t≈≈≈.♣...♣
.≈...§≈.♣♣≈≈D≈≈≈§♣≈≈≈.♣
♣≈≈...♣..≈f§≈≈≈.....♣
♣≈♣..≈♣♣.kD§≈≈≈≈.≈≈≈.
♣≈.≈≈≈≈≈§DD§≈≈..≈≈≈≈
♣≈.≈≈≈≈§DD§@..≈♣
♣≈≈≈≈≈§.≈.§w≈.♣♣
♣♣≈≈§..♣♣§§§≈≈♣
≈§≈...♣♣♣♣...♣♣
§≈≈.♣♣♣♣ ♣≈♣♣♣ .≈.♣ ≈♣♣
..♣ ♣


You could see a thorn hunter, 2 four-headed hydras, 4 swamp dragons, a ghost
crab, a spiny frog, a swamp worm and a swamp drake.

Vanquished Creatures
  Saint Roka (Orc:2)
  Gastronok (Lair:2)
  A thorn hunter (Swamp:3)
  The ghost of Turtleman12345 the Severer, a journeyman MiFi of Okawaru (Swamp:3)
  Louise (Swamp:2)
  An orc warlord (Orc:2)
  Snorg (D:13)
  A minotaur (Lab)
  Josephine (D:11)
  2 vault guards (D:13)
  2 rakshasas
  8 hydras
  A ghost crab (Swamp:1)
  A merfolk avatar (Lair:6)
  A death knight (D:11)
  A centaur warrior (D:15)
  8 two-headed ogres
  The ghost of QuCean the Cleaver, a novice MiFi of the Shining One (D:9)
  A tengu warrior (D:11)
  5 alligators
  A death yak (Lair:5)
  Nergalle (Lair:4)
  A fire crab (shapeshifter) (D:15)
  2 unseen horrors
  A skeletal warrior (D:11)
  A glowing orange brain (D:15)
  A sea snake (Lair:6)
  2 shambling mangroves
  A wizard (D:14)
  2 swamp dragons
  Pikel (D:5)
  4 harpies
  2 orc knights (Orc:2)
  An orange crystal statue (Lair:2)
  2 necromancers (D:13)
  A wolf spider zombie (D:13)
  3 deep elf magi
  A manticore (shapeshifter) (D:15)
  5 ugly things
  3 orc sorcerers
  4 manticores
  4 cyclopes
  3 centaur zombies
  A salamander (shapeshifter) (D:15)
  14 elephants
  Joseph (D:8)
  4 black mambas
  A gargoyle (D:12)
  11 spiny frogs
  A kobold demonologist (D:14)
  11 komodo dragons
  3 rime drakes
  2 freezing wraiths (D:11)
  A meliai (shapeshifter) (D:15)
  3 trolls
  4 tyrant leeches
  A wind drake (Lair:6)
  A hornet (shapeshifter) (D:14)
  A wind drake (shapeshifter) (D:15)
  Prince Ribbit (D:6)
  2 tengu conjurers (D:11)
  A polar bear (Lair:6)
  7 hornets
  Grinder (D:6)
  16 slime creatures
  15 blink frogs
  12 hippogriffs
  A bog body (Swamp:1)
  2 shadows
  3 wyverns (Lair:6)
  A vampire (D:15)
  4 spriggans
  8 wraiths
  Eustachio (D:6)
  20 humans (D:13)
  25 yaks
  15 vampire mosquitoes
  2 hungry ghosts
  4 wargs
  4 insubstantial wisps (Swamp:1)
  A soldier ant (D:11)
  10 swamp worms
  An acid dragon (D:11)
  12 water moccasins
  12 porcupines
  Purgy (Sewer)
  5 swamp drakes
  5 ice beasts
  A meliai simulacrum (D:15)
  4 slaves (D:5)
  6 sky beasts
  45 orc warriors
  An eye of draining (D:13)
  5 black bears
  A phantom (D:4)
  2 necrophages
  14 ogres
  18 centaurs
  13 crocodiles
  27 bullfrogs
  4 big kobolds
  2 wyvern skeletons
  5 scorpions
  13 wights
  7 killer bees
  15 jellies
  4 howler monkeys
  A bullfrog zombie (D:10)
  10 crimson imps
  5 bullfrog skeletons
  9 hounds
  28 orc priests
  A gnoll shaman (D:6)
  5 iguanas
  41 orc wizards
  Crazy Yiuf (D:6)
  8 centaur skeletons
  9 worker ants
  A killer bee zombie (D:7)
  A hound zombie (D:7)
  18 adders
  7 gnolls
  A howler monkey skeleton (D:2)
  6 shadow imps
  5 oozes
  2 adder skeletons
  An adder zombie (D:8)
  7 worms
  A dart slug (D:1)
  9 leopard geckos
  117 orcs
  3 ball pythons
  7 giant cockroaches
  12 goblins
  7 hobgoblins
  10 jackals
  4 quokkas
  7 bats
  5 frilled lizards
  A jackal skeleton (D:6)
  27 kobolds
  A quokka skeleton (D:9)
  2 quokka zombies
  9 rats
  7 briar patches
  13 fungi
  5 plants
940 creatures vanquished.

Vanquished Creatures (others)
  Fannar (D:11)
  2 centaur warriors
  4 hydras
  A wizard (D:13)
  A black mamba (Lair:6)
  A komodo dragon (Lair:6)
  A hornet (Lair:6)
  A shadow (D:15)
  An orc warrior (Orc:2)
  A swamp drake (Swamp:4)
  2 centaurs (D:15)
  4 briar patches (Swamp:3)
  22 fungi
  13 plants
55 creatures vanquished.

Grand Total: 995 creatures vanquished

Notes
Turn   | Place    | Note
-------+----------+-------------------------------------------
     0 | Abyss:1  | Gargoyl the Minotaur Abyssal Knight began the quest for the Orb.
     0 | Abyss:1  | Reached XP level 1. HP: 19/19 MP: 1/1
   104 | Abyss:1  | Noticed an eidolon
   141 | Abyss:1  | Noticed a tentacled starspawn
   171 | Abyss:2  | Noticed a ynoxinul
   183 | D:1      | Escaped the Abyss
   283 | D:1      | Reached * piety under Lugonu
   490 | D:1      | Reached XP level 2. HP: 27/27 MP: 2/2
   590 | D:1      | Reached skill level 3 in Axes
   977 | D:1      | Reached XP level 3. HP: 32/33 MP: 3/3
  1301 | D:2      | Found a sparkling altar of Nemelex Xobeh.
  1672 | D:2      | Reached ** piety under Lugonu
  1674 | D:2      | Reached XP level 4. HP: 40/40 MP: 4/4
  2475 | D:3      | Found a hide-covered altar of Uskayaw.
  2592 | D:3      | Reached skill level 4 in Axes
  2719 | D:3      | Reached XP level 5. HP: 39/46 MP: 5/5
  3168 | D:4      | Reached skill level 5 in Axes
  3168 | D:4      | Reached XP level 6. HP: 50/53 MP: 7/7
  3300 | D:4      | Reached skill level 1 in Shields
  3549 | D:4      | Reached *** piety under Lugonu
  3554 | D:4      | Reached skill level 5 in Armour
  3556 | D:4      | Reached XP level 7. HP: 57/60 MP: 8/8
  3561 | D:4      | Reached skill level 6 in Axes
  3593 | D:4      | Reached skill level 5 in Fighting
  4117 | D:5      | Entered Level 5 of the Dungeon
  4152 | D:5      | Reached skill level 7 in Axes
  4305 | D:5      | Found Papi's Jewellery Emporium.
  4315 | D:5      | Reached XP level 8. HP: 57/68 MP: 10/10
  4408 | D:5      | Found Zyjas's Antique Armour Emporium.
  4589 | D:5      | Found a deep blue altar of Sif Muna.
  4777 | D:5      | Noticed Pikel
  4784 | D:5      | Killed Pikel
  4784 | D:5      | Reached skill level 8 in Axes
  4784 | D:5      | Reached skill level 5 in Invocations
  4794 | D:5      | Found Zej Fuah's Armour Boutique.
  4993 | D:5      | Reached XP level 9. HP: 75/75 MP: 11/11
  5036 | D:5      | Found an opulent altar of Gozag.
  5036 | D:5      | Found a stormy altar of Qazlal.
  5416 | D:5      | Found a blossoming altar of Fedhas.
  5428 | D:5      | Reached **** piety under Lugonu
  5640 | D:6      | Reached skill level 9 in Axes
  5704 | D:5      | Bought a pair of pitted boots for 228 gold pieces
  5709 | D:5      | Identified the +1 pair of boots of the Blessed Realm {MP+9} (You bought it in a shop on level 5 of the Dungeon)
  5808 | D:6      | Reached skill level 5 in Shields
  6087 | D:6      | Found a glowing drain.
  6109 | Sewer    | Entered a sewer
  6132 | Sewer    | Noticed Purgy
  6141 | Sewer    | Killed Purgy
  6311 | D:6      | Noticed Prince Ribbit
  6323 | D:6      | Killed Prince Ribbit
  6323 | D:6      | Reached skill level 10 in Axes
  6324 | D:6      | Noticed Eustachio
  6333 | D:6      | Killed Eustachio
  6398 | D:6      | Noticed Grinder
  6408 | D:6      | Paralysed by Grinder for 5 turns
  6429 | D:6      | Killed Grinder
  6574 | D:6      | Reached ***** piety under Lugonu
  6945 | D:6      | Found a runed door.
  6949 | D:6      | Noticed Crazy Yiuf
  6954 | D:6      | Killed Crazy Yiuf
  6954 | D:6      | Reached XP level 10. HP: 83/84 MP: 13/13
  7267 | D:7      | Reached skill level 11 in Axes
  7496 | D:7      | Found a glowing golden altar of the Shining One.
  7713 | D:8      | Found a staircase to the Lair.
  7717 | D:8      | Noticed Joseph
  7727 | D:8      | Killed Joseph
  8115 | D:8      | Noticed a two-headed ogre
  8122 | D:8      | Killed a two-headed ogre
  8315 | D:8      | You fall through a shaft for 3 floors!
  8320 | D:11     | Noticed Fannar
  8672 | D:11     | Reached XP level 11. HP: 94/94 MP: 15/15
  8676 | D:11     | Noticed a two-headed ogre
  8690 | D:11     | Killed a two-headed ogre
  8690 | D:11     | Reached skill level 12 in Axes
  8864 | D:11     | Killed Fannar
  9251 | D:11     | Noticed a cyan ugly thing
  9271 | D:11     | Killed a cyan ugly thing
  9501 | D:11     | Found a staircase to the Orcish Mines.
  9528 | D:11     | Noticed a skeletal warrior
  9540 | D:10     | Entered Level 10 of the Dungeon
  9631 | D:9      | Noticed QuCean's ghost (novice MiFi)
  9668 | D:9      | Killed QuCean's ghost
  9668 | D:9      | Reached skill level 10 in Armour
  9903 | D:8      | Reached skill level 13 in Axes
 10010 | Lair:1   | Entered Level 1 of the Lair of Beasts
 10108 | Lair:1   | Reached ****** piety under Lugonu
 10770 | Lair:2   | Noticed Gastronok
 10789 | Lair:2   | Killed Gastronok
 11068 | Lair:2   | You fall through a shaft!
 11072 | Lair:3   | Reached XP level 12. HP: 103/103 MP: 17/17
 11314 | Lair:3   | Reached skill level 14 in Axes
 11629 | Lair:2   | Found a shattered altar of Ashenzari.
 12599 | Lair:4   | Noticed a four-headed hydra
 12602 | Lair:4   | Banished a four-headed hydra
 12640 | Lair:4   | Noticed Nergalle
 12654 | Lair:4   | Killed Nergalle
 12962 | Lair:4   | Found a hole to the Spider Nest.
 13124 | Lair:4   | Reached skill level 10 in Shields
 13254 | Lair:4   | Noticed a four-headed hydra
 13257 | Lair:4   | Banished a four-headed hydra
 13257 | Lair:4   | Reached skill level 10 in Fighting
 13267 | Lair:4   | Found a staircase to the Swamp.
 13637 | Lair:5   | Reached XP level 13. HP: 113/113 MP: 19/19
 13803 | Lair:5   | Reached skill level 10 in Invocations
 14289 | Lair:6   | Entered Level 6 of the Lair of Beasts
 14320 | Lair:6   | Reached skill level 15 in Axes
 14345 | Lair:6   | HP: 4/114 [poisoned by a sea snake]
 15068 | Lair:6   | Found a staircase to the Slime Pits.
 15571 | Lair:6   | Found a shimmering altar of Xom.
 15686 | Lair:6   | Got a warped chain mail
 15698 | Lair:6   | Got a fine ruby amulet
 15855 | Lair:6   | Identified the amulet "Domoibb" {Gourm MR+ Dex+2} (You found it on level 6 of the Lair of Beasts)
 15867 | Lair:6   | Identified the cursed +0 chain mail "Bolivis" {Str+3 Int+3} (You found it on level 6 of the Lair of Beasts)
 16174 | D:9      | Gained mutation: Your flesh is heat resistant. (rF+) [potion of mutation]
 16174 | D:9      | Gained mutation: You are partially covered in icy blue scales. (AC +2) [potion of mutation]
 16426 | D:10     | Got an iridescent spear
 16432 | D:10     | Identified the cursed +3 spear of the Disturbing Seas {drain, rElec rPois rF++ MR-} (You found it on level 10 of the Dungeon)
 16631 | D:10     | Found a portal to a secret trove of treasure.
 16907 | D:10     | Reached XP level 14. HP: 93/124 MP: 21/21
 17638 | D:11     | Gained mutation: You have a somewhat thin skeletal structure. (Dex +2, Stealth) [mutagenic meat]
 17639 | D:11     | Gained mutation: You are dopey. (Int -2) [mutagenic meat]
 17640 | D:11     | Gained mutation: You are surrounded by a mild repulsion field. (EV +2) [mutagenic meat]
 18071 | D:11     | Identified the Papyrus of the Torrid Escort
 18120 | D:11     | Noticed Josephine
 18138 | D:11     | Killed Josephine
 18396 | D:12     | Reached skill level 16 in Axes
 18794 | D:12     | Found Iher's Antique Armour Shoppe.
 18802 | D:12     | Bought a pair of embroidered boots for 240 gold pieces
 18901 | D:12     | Got a pitted lead ring
 18906 | D:12     | Identified the ring "Soggiown" {*Tele +Fly rN+} (You found it on level 12 of the Dungeon)
 19855 | D:13     | Found a gate to the Vaults.
 20051 | D:13     | Found a bloodstained altar of Trog.
 20104 | D:13     | Noticed Snorg
 20112 | D:13     | Killed Snorg
 21103 | D:14     | Found a snail-covered altar of Cheibriados.
 21661 | D:15     | Entered Level 15 of the Dungeon
 21715 | D:15     | Reached XP level 15. HP: 133/133 MP: 23/23
 21716 | D:15     | Found a labyrinth entrance.
 21727 | Lab      | Entered a labyrinth
 21876 | Lab      | Identified Tukhlunoa's Disquisition on the Blaze
 21877 | Lab      | Got a vibrating marble ring
 22166 | D:15     | Identified the ring "Qilar" {rC- MR+ Str+4 Dex+4} (You took it off a minotaur in a labyrinth)
 23056 | D:15     | Gained mutation: You are weak. (Str -2) [mutagenic meat]
 23298 | D:15     | Found a staircase to the Depths.
 23741 | Orc:1    | Entered Level 1 of the Orcish Mines
 24114 | Orc:2    | Entered Level 2 of the Orcish Mines
 24188 | Orc:2    | Noticed Saint Roka
 24634 | Orc:2    | Killed Saint Roka
 24748 | Orc:2    | Found a staircase to the Elven Halls.
 24793 | Orc:2    | Found a roughly hewn altar of Beogh.
 24845 | Orc:2    | Found a roughly hewn altar of Beogh.
 24846 | Orc:2    | Found Arot Ece's Weapon Boutique.
 25240 | Orc:2    | Noticed an orc warlord
 25260 | Orc:2    | Killed an orc warlord
 25260 | Orc:2    | Reached skill level 15 in Armour
 25283 | Orc:2    | Found Yngy's Antique Weapon Boutique.
 25287 | Orc:2    | Found a roughly hewn altar of Beogh.
 25293 | Orc:2    | Found Coemochu's Antique Armour Shop.
 25450 | Orc:2    | Found a roughly hewn altar of Beogh.
 25460 | Orc:2    | Found Iczuif's Assorted Antiques.
 25482 | Orc:2    | Bought an ichor-stained plate armour for 728 gold pieces
 25492 | Orc:2    | Identified the +3 plate armour "Tyowniep" {Stlth+} (You bought it in a shop on level 2 of the Orcish Mines)
 25542 | Orc:2    | Bought a pair of ancient boots for 247 gold pieces
 25552 | Orc:2    | Identified the +2 pair of boots of Qaumaeky {Int+2 Dex+5} (You bought it in a shop on level 2 of the Orcish Mines)
 25744 | Orc:2    | Found a roughly hewn altar of Beogh.
 25976 | Orc:2    | Found a roughly hewn altar of Beogh.
 26175 | Swamp:1  | Entered Level 1 of the Swamp
 26207 | Swamp:1  | Lost mutation: You are weak. (Str -2) [potion of mutation]
 26207 | Swamp:1  | Lost mutation: You are dopey. (Int -2) [potion of mutation]
 26207 | Swamp:1  | Lost mutation: You are surrounded by a mild repulsion field. (EV +2) [potion of mutation]
 26207 | Swamp:1  | Lost mutation: You are partially covered in icy blue scales. (AC +2) [potion of mutation]
 26207 | Swamp:1  | Lost mutation: You have a somewhat thin skeletal structure. (Dex +2, Stealth) [potion of mutation]
 26207 | Swamp:1  | Gained mutation: Scrolls take you a little longer to read. [potion of mutation]
 26207 | Swamp:1  | Gained mutation: Your skin changes colour to match your surroundings (Stealth+). [potion of mutation]
 26835 | Swamp:1  | Reached skill level 17 in Axes
 28065 | Swamp:2  | Noticed Louise
 28082 | Swamp:2  | Killed Louise
 28082 | Swamp:2  | Reached XP level 16. HP: 109/144 MP: 24/24
 28425 | Swamp:3  | Paralysed by a hornet for 3 turns
 28477 | Swamp:3  | Gained mutation: You occasionally shout uncontrollably at your foes. [mutagenic meat]
 28478 | Swamp:3  | Gained mutation: You are partially covered in rugged brown scales. (AC +1, +3% HP) [mutagenic meat]
 28479 | Swamp:3  | Gained mutation: You are partially covered in yellow scales. (AC +2) [mutagenic meat]
 28480 | Swamp:3  | Gained mutation: Your mind is acute. (Int +2) [mutagenic meat]
 29038 | Swamp:3  | Noticed Turtleman12345's ghost (journeyman MiFi)
 29051 | Swamp:3  | Killed Turtleman12345's ghost
 29661 | Swamp:3  | Noticed a thorn hunter
 29689 | Swamp:3  | Killed a thorn hunter
 30173 | Swamp:4  | Entered Level 4 of the Swamp
 30305 | Swamp:4  | Got a translucent brass amulet
 30350 | Swamp:4  | Noticed a thorn hunter
 30371 | Swamp:4  | HP: 2/149 [swamp dragon] (6)]
 30371 | Swamp:4  | Succumbed to a swamp dragon's poison gas

Skill      XL: |  1  2  3  4  5  6  7  8  9 10 11 12 13 14 15 |
---------------+----------------------------------------------+-----
Invocations    | 2 3 4 5 6 7 8 9 11 12 13 | 13.3
Fighting       | 4 5 6 7 8 10 11 12 13 | 13.7
Axes           | 3 4 5 7 8 10 11 13 14 15 16 17 | 17.2
Armour         | 3 4 5 6 7 8 9 10 12 13 14 15 | 15.9
Shields        | 2 4 5 7 8 10 11 12 14 | 14.6
Dodging        | 2 3 |  3.1
Throwing       | |  0.6
Evocations     | |  0.3

Action                   |  1- 3 |  4- 6 |  7- 9 | 10-12 | 13-15 | 16-18 || total
-------------------------+-------+-------+-------+-------+-------+-------++-------
Melee: War axe           |    86 |   153 |   398 |   599 |  1301 |   101 ||  2638
       Headbutt          |    14 |    22 |    73 |   115 |   310 |    44 ||   578
       Hand axe          |       |       |       |     4 |       |       ||     4
       Broad axe         |       |       |       |       |       |    51 ||    51
Throw: Javelin           |       |       |       |       |     6 |       ||     6
Invok: Depart the Abyss  |     1 |       |       |       |       |       ||     1
       Banish            |       |       |       |     2 |    14 |       ||    16
       Bend Space        |       |       |       |       |       |     1 ||     1
Evoke: Wand              |       |       |       |     5 |       |       ||     5
  Use: Scroll            |     9 |     6 |     3 |    14 |    17 |     4 ||    53
       Potion            |     1 |     4 |       |     5 |     8 |     5 ||    23
 Stab: Invisible         |       |       |       |       |     3 |       ||     3
  Eat: Chunk             |     2 |     7 |    11 |    22 |    45 |     8 ||    95
       Bread ration      |       |       |       |       |     3 |     1 ||     4
Armor: Ring mail         |     7 |       |       |       |       |       ||     7
       Leather armour    |     1 |       |       |       |       |       ||     1
       Chain mail        |    54 |       |       |       |       |       ||    54
       Plate armour      |     7 |   117 |   178 |   339 |   521 |   106 ||  1268
Dodge: Dodged            |    62 |    13 |    36 |    96 |   298 |    51 ||   556
Block: Shield            |    12 |    98 |   224 |   382 |  1089 |   152 ||  1957
       Reflection        |       |       |       |       |    52 |     1 ||    53
